 Dungeon Crawl Stone Soup version 0.30-a0-585-g93115170b9 (webtiles) character file.

Game seed: 17836526468243928979

225936 spardeous the Acrobat (level 18, -19/117 HPs)
             Began as a Felid Earth Elementalist on Dec 31, 2022.
             Was an Initiate of Gozag.
             Blown up by a conjurer statue (66 damage)
             ... with an orb of destruction
             ... in a wizard's laboratory on Jan 1, 2023.
             The game lasted 02:58:35 (68679 turns).

spardeous the Acrobat (Felid Earth Elementalist)   Turns: 68679, Time: 02:58:35

Health: -19/117    AC: 31    Str: 10    XL:     18   Next: 20%
Magic:  11/33      EV: 39    Int: 26    God:    Gozag
Gold:   3192       SH:  0    Dex: 22    Spells: 3/38 levels left
                                        Lives:  0   Deaths: 5

rFire   . . .      SeeInvis +      - Unarmed
rCold   . . .      Faith    .    (shield unavailable)
rNeg    + . .      Spirit   .    (body armour unavailable)
rPois   ∞          Reflect  .    (helmet unavailable)
rElec   +          Harm     .    (cloak unavailable)
rCorr   +          Rampage  .    (gloves unavailable)
Will    ++...      Archmagi +    (boots unavailable)
Stlth   +++                      S - amulet "Yteucoum" {RegenMP rCorr}
HPRegen 0.39/turn                D - ring of Feakkaut {rElec Str+3 Dex+6}
MPRegen 0.63/turn                y - ring of the Mage {Wiz Archmagi}

@: statue-form, gold aura, very slow
A: slow and powerful, torment resistance 1, boosted hp, very small, claws 1,
fangs 3, see invisible, (speed 1), (shaggy fur 3), stealthy paws, no weapons or
thrown items, no armour, multi-lived, horns 1, clever 1, strong 1
}: 2/15 runes: decaying, serpentine
a: End Transformation, Renounce Religion, Potion Petition, Call Merchant, Bribe
Branch


You were in a wizard's laboratory.
You worshipped Gozag.
Gozag was most pleased with you.
You were a living statue of rough stone.
You visited 8 branches of the dungeon, and saw 36 of its levels.
You also visited: Sewer, Bailey and Wizlab.

You collected 14625 gold pieces.
You spent 2615 gold pieces at shops.
You paid 8818 gold pieces to Gozag.

Inventory:

Jewellery
 c - a +5 ring of evasion
 g - a ring of willpower
 i - an amulet of reflection
 s - a ring of protection from cold
 u - a +6 ring of intelligence
 x - a ring of ice
 y - the ring of the Mage (right paw) {Wiz Archmagi}
   (You bought it in a shop on level 10 of the Dungeon)

   [ring of wizardry]

   It improves your spell success rate.
   Archmagi:  It increases the power of your magical spells.
 B - an amulet of regeneration
 D - the ring of Feakkaut (left paw) {rElec Str+3 Dex+6}
   (You found it on level 6 of the Dungeon)

   [ring of dexterity]

   Str:       It affects your strength (+3).
   Dex:       It affects your dexterity (+6).
   rElec:     It insulates you from electricity.
 I - a +4 ring of protection
 M - the ring "Pios" {Contam rElec rN++ rCorr Stlth+}
   (You acquired it on level 3 of the Snake Pit)

   [ring of resist corrosion]

   rElec:     It insulates you from electricity.
   rN:        It greatly protects you from negative energy.
   Contam:    It causes magical contamination when unequipped.
   rCorr:     It protects you from acid and corrosion.
   Stlth:     It makes you more stealthy.
 P - a ring of positive energy
 R - an amulet of the acrobat
 S - the amulet "Yteucoum" (around neck) {RegenMP rCorr}
   (You bought it in a shop on level 10 of the Dungeon)

   [amulet of magic regeneration]

   It increases your rate of magic regeneration.
   rCorr:     It protects you from acid and corrosion.
 T - a ring of wizardry
Wands
 n - a wand of light (13)
 q - a wand of charming (39)
 r - a wand of flame (45)
 A - a wand of polymorph (2)
 E - a wand of iceblast (53)
Scrolls
 a - 2 scrolls of torment
 e - 8 scrolls of amnesia
 f - 6 scrolls of silence
 h - 6 scrolls of immolation
 j - 5 scrolls of vulnerability
 m - 10 scrolls of teleportation
 o - a scroll of poison
 w - 12 scrolls of blinking
 F - 7 scrolls of magic mapping
 G - 7 scrolls of noise
 J - 7 scrolls of fear
 N - 5 scrolls of enchant weapon
 O - a scroll of enchant armour
 V - 4 scrolls of fog
 Y - 2 scrolls of butterflies
 Z - 12 scrolls of identify
Potions
 b - 3 potions of heal wounds
 d - 10 potions of curing
 k - 3 potions of haste
 l - 4 potions of flight
 p - 7 potions of might
 t - 8 potions of cancellation
 v - 3 potions of lignification
 C - 8 potions of brilliance
 H - 4 potions of magic
 K - a potion of invisibility
 L - 5 potions of attraction
 Q - 2 potions of ambrosia
 U - 3 potions of mutation
 W - a potion of berserk rage
 X - 3 potions of degeneration


   Skills:
 - Level 16.0 Fighting
 + Level 22.1 Dodging
 - Level 5.3 Stealth
 - Level 10.5 Unarmed Combat
 - Level 10.5 Spellcasting
 - Level 12.0 Conjurations
 - Level 17.2 Transmutations
 - Level 14.1 Earth Magic


You had 3 spell levels left.
You knew the following spells:

 Your Spells              Type           Power      Damage    Failure   Level
a - Sandblast             Erth           100%       2d20      0%          1
b - Stone Arrow           Conj/Erth      100%       3d13      1%          3
c - Petrify               Tmut/Erth      97%        N/A       1%          4
d - Iron Shot             Conj/Erth      44%        9d9       1%          6
e - Dragon Form           Tmut           50%        N/A       1%          7
f - Frozen Ramparts       Ice            40%        1d7       5%          3
g - Statue Form           Tmut/Erth      64%        N/A       1%          6
h - Borgnjor's Vile Clut  Necr/Erth      33%        N/A       2%          5

Your spell library contained the following spells:

 Spells                   Type           Power      Damage    Failure   Level
 Passwall                 Tmut/Erth      80%        N/A       0%          2
 Kiss of Death            Conj/Necr      100%       2d13      1%          1
 Slow                     Hex            80%        N/A       1%          1
 Dazzling Flash           Conj/Hex       100%       N/A       1%          3
 Spider Form              Tmut/Pois      73%        N/A       1%          3
 Ensorcelled Hibernation  Hex/Ice        40%        N/A       2%          2
 Scorch                   Fire           40%        2d7       2%          2
 Confusing Touch          Hex            20%        N/A       5%          3
 Kindle Blastsparks       Fire/Tloc/Air  40%        2d13      5%          3
 Summon Guardian Golem    Hex/Summ       20%        N/A       5%          3
 Vampiric Draining        Necr           20%        2d7       5%          3
 Flame Wave               Conj/Fire      61%        2d14      1%          4
 Fulminant Prism          Conj/Hex       30%        3d16      1%          4
 Ice Form                 Ice/Tmut       73%        N/A       1%          4
 Iskenderun's Mystic Bla  Conj/Tloc      61%        2d13      1%          4
 Blade Hands              Tmut           50%        N/A       1%          5
 Irradiate                Conj/Tmut      47%        3d27      1%          5
 Iskenderun's Battlesphe  Conj           86%        2d13      1%          5
 Lee's Rapid Deconstruct  Erth           46%        3d22*     1%          5
 Eringya's Noxious Bog    Tmut/Pois      36%        N/A       8%          6
 Orb of Destruction       Conj           43%        9d12      11%         7
 Anguish                  Hex/Necr       10%        N/A       17%         4
 Dispel Undead            Necr           20%        3d11      17%         4
 Summon Ice Beast         Ice/Summ       20%        N/A       17%         4
 Summon Lightning Spire   Summ/Air       20%        N/A       17%         4
 Conjure Ball Lightning   Conj/Air       30%        3x3d10    22%         6
 Storm Form               Tmut/Air       36%        N/A       38%         7
 Agony                    Necr           20%        N/A       43%         5
 Metabolic Englaciation   Hex/Ice        10%        N/A       43%         5
 Silence                  Hex/Air        10%        N/A       43%         5
 Summon Forest            Summ/Tloc      10%        N/A       43%         5
 Summon Mana Viper        Hex/Summ       20%        N/A       43%         5
 Lehudib's Crystal Spear  Conj/Erth      44%        10d11     45%         8
 Spellforged Servitor     Conj/Summ      30%        N/A       73%         7
 Summon Cactus Giant      Summ           10%        N/A       92%         6
 Monstrous Menagerie      Summ           10%        N/A       100%        7
 Summon Hydra             Summ           10%        N/A       100%        7
 Discord                  Hex            10%        N/A       100%        8
 Disjunction              Tloc           10%        N/A       100%        8
 Maxwell's Capacitive Co  Air            10%        ∞         100%        8


Dungeon Overview and Level Annotations

Branches:
Dungeon (15/15)            Temple (1/1) D:5            Lair (5/5) D:10
  Swamp (4/4) Lair:3        Snake (4/4) Lair:2        Slime (0/5) Lair:4
    Orc (2/2) D:9             Elf (3/3) Orc:2        Vaults (2/5) D:13
 Depths (0/4) D:15          Sewer (visited)          Bailey (visited)
 WizLab (1/1)
  Crypt: Vaults:2-3

Altars:
Ashenzari
Cheibriados
Dithmenos
Elyvilon
Fedhas
Gozag
Hepliaklqana
Kikubaaqudgha
Makhleb
Nemelex Xobeh
Okawaru
Qazlal
Ru
Sif Muna
Trog
Uskayaw
Vehumet
Wu Jian
Xom
Yredelemnul
Zin
The Shining One

Shops:
D:4 ?   D:10 !=!?=*!:   D:12 [(   D:15 (   Orc:2 [=*[*   Elf:1 !   Snake:3 :==
Vaults:1 [

Portals:
Pandemonium: Orc:2


Innate Abilities, Weirdness & Mutations

You are a living statue of rough stone.
Your actions are slow, but your melee attacks are powerful.
You are resistant to unholy torment.
Your maximum health is greatly increased.
You are immune to poison.
You have sharp claws.
You have razor-sharp teeth.
You have supernaturally acute eyesight. (SInv)
((You cover ground quickly. (Speed+)))
((Your thick and shaggy fur keeps you warm. (AC +3, rC+)))
Your paws help you pounce on unaware monsters.
You are incapable of wielding weapons or throwing items.
You cannot wear armour.
You gain extra lives every three experience levels.
You have a pair of small horns on your head.
Your mind is acute. (Int +4, Str/Dex -1)
Your muscles are strong. (Str +4, Int/Dex -1)


Message History

Casting: Statue Form (mildly dangerous; 1% risk of failure)
Confirm with . or Enter, or press ? or * to list all spells.
Aiming: Iron Shot (dangerous; 1% risk of failure)
Press: ? - help, Shift-Dir - straight line, f - conjurer statue
Aim: a conjurer statue (100% to hit)
You feel a surge of power!
The iron shot hits the conjurer statue!!
The conjurer statue is moderately damaged.
The conjurer statue conjures a glowing orb.
An orb of destruction comes into view.
Casting: Iron Shot (dangerous; 1% risk of failure)
Confirm with . or Enter, or press ? or * to list all spells.
Aiming: Iron Shot (dangerous; 1% risk of failure)
Press: ? - help, Shift-Dir - straight line, f/p - conjurer statue
Aim: a conjurer statue (moderately damaged, 100% to hit)
You feel a surge of power!
The iron shot hits the conjurer statue!!!
The conjurer statue is severely damaged.
Casting: Iron Shot (dangerous; 1% risk of failure)
Confirm with . or Enter, or press ? or * to list all spells.
Aiming: Iron Shot (dangerous; 1% risk of failure)
Press: ? - help, Shift-Dir - straight line, f/p - conjurer statue
Aim: a conjurer statue (severely damaged, 100% to hit)
You feel a surge of power!
The iron shot hits the conjurer statue!!
The conjurer statue is almost destroyed.
The orb of destruction hits you!!!
The conjurer statue launches a ball of destructive magic.
An orb of destruction comes into view.
Casting: Iron Shot (dangerous; 1% risk of failure)
Confirm with . or Enter, or press ? or * to list all spells.
Aiming: Iron Shot (dangerous; 1% risk of failure)
Press: ? - help, Shift-Dir - straight line, f/p - conjurer statue
Aim: a conjurer statue (almost destroyed, 100% to hit)
You feel a surge of power!
The iron shot hits the conjurer statue!!!
You destroy the conjurer statue!
The orb of destruction hits you!!!
Ouch! That really hurt!
You die...

#### .#.#.#
#.#.#§# #
....§..##§
.....§...###
......§.§#.##
.....§§§..#.#
......$○§○§§..##
.......§§8..#.#
#............##
#..........#.#
#..........##
.###$.......#.#
.#..........##
#.##.......#.#
#.#........###
#.$.......#.§#


There were no monsters in sight!

Vanquished Creatures
  Vashnia (Snake:4)
  Jorgrun (Orc:1)
  2 tentacled monstrosities
  The ghost of jejorda2 the Phalangite, an adept MfBe of Trog (Elf:2)
  A thorn hunter (Swamp:4)
  Kirke (Snake:1)
  A shadow dragon (Vaults:2)
  3 nagarajas
  A deep elf sorcerer (Vaults:1)
  A fenstrider witch (Swamp:2)
  A fire giant (Vaults:2)
  Aizul (Snake:2)
  8 vault wardens (Vaults:1)
  4 ironbound preservers
  An orc warlord (Orc:2)
  4 ironbound thunderhulks (Vaults:1)
  A cacodemon (D:12)
  2 very ugly things
  A war gargoyle (Vaults:1)
  An eleionoma (Swamp:2)
  A deep elf annihilator (Elf:2)
  2 deep elf demonologists
  The ghost of billz999 the Fighter, a journeyman DjIE of Gozag (Lair:3)
  6 bunyips
  7 purple draconians (WizLab)
  8 dire elephants
  4 statues (WizLab)
  A deep elf death mage (Elf:1)
  A fire dragon (Lair:5)
  A deep elf high priest (Elf:1)
  2 green deaths (Swamp:4)
  A shambling mangrove (Swamp:2)
  A great orb of eyes (Vaults:1)
  A yaktaur captain (Vaults:1)
  The ghost of arthad the Destroyer, a journeyman GrEE of Okawaru (D:12)
  2 salamander tyrants
  3 vault guards (Vaults:1)
  An ogre mage (D:14)
  13 hydras
  Erolcha (Orc:2)
  A ghost crab (Swamp:3)
  2 demonspawn (Orc:2)
  4 ironbound frosthearts (Vaults:1)
  13 anacondas
  An alligator (shapeshifter) (D:12)
  6 centaur warriors
  4 two-headed ogres (D:14)
  5 death yaks (Lair:2)
  20 naga warriors
  12 alligators
  6 boulder beetles
  2 tengu warriors (D:15)
  24 dancing weapons
  7 orc high priests (Orc:2)
  A thrashing horror (Swamp:4)
  10 naga sharpshooters
  7 shock serpents
  18 deep elf knights
  Urug (Lair:5)
  10 salamander mystics
  2 bunyip zombies (Swamp:2)
  4 goliath frogs
  8 skeletal warriors
  A sixfirhy (Orc:2)
  4 deep trolls (Vaults:2)
  A spark wasp zombie (D:15)
  A glowing orange brain (D:12)
  4 spriggan druids
  A storm dragon skeleton (D:15)
  2 wizards
  9 swamp dragons
  4 bog bodies
  10 deep elf archers
  3 ironbound convokers (Vaults:1)
  2 necromancers
  4 naga ritualists
  12 lindwurms
  3 harpies (Vaults:1)
  7 orc knights
  26 deep elf pyromancers
  4 orc sorcerers (Orc:2)
  17 deep elf zephyrmancers
  A phantasmal warrior (D:15)
  A wolf spider (Lair:1)
  A manticore (D:14)
  A shadow dragon skeleton (D:15)
  15 mana vipers
  5 will-o-the-wisps
  35 ugly things
  12 salamanders
  6 cyclopes
  A moth of wrath (Lair:3)
  9 naga magi
  A rust devil (Orc:2)
  4 elephants (Lair:2)
  3 molten gargoyles (Lair:5)
  A frost giant skeleton (D:15)
  4 torpor snails
  30 black mambas
  5 guardian serpents
  12 cane toads
  2 orange demons
  4 centaur skeletons (D:13)
  3 vault sentinels
  A gargoyle (D:12)
  2 large abominations (Swamp:4)
  2 kobold demonologists
  2 rime drakes (Lair:2)
  10 tengu conjurers (WizLab)
  7 yaktaurs (Vaults:1)
  A freezing wraith (D:15)
  An efreet (D:15)
  17 komodo dragons
  A polar bear (Lair:3)
  12 tyrant leeches
  8 trolls
  8 hornets
  A tarantella (shapeshifter) (D:13)
  An alligator zombie (Swamp:2)
  15 blink frogs
  A raiju (D:15)
  17 slime creatures
  Sigmund (D:3)
  10 spriggans
  5 shadows
  3 water elementals
  7 wyverns
  A basilisk (shapeshifter) (D:15)
  Grum (D:9)
  4 wraiths
  3 fire elementals (Elf:2)
  7 basilisks
  37 yaks
  3 neqoxecs (D:12)
  A golden eye (shapeshifter) (D:12)
  3 hogs (Snake:1)
  15 swamp worms
  2 vampire mosquitoes (Swamp:1)
  32 nagas
  3 wargs
  An acid dragon (D:12)
  13 water moccasins
  3 hell hounds (Lair:5)
  A hydra simulacrum (Swamp:2)
  Duvessa (D:7)
  54 orc warriors
  3 swamp drakes
  2 black bears
  11 ogres
  An alligator simulacrum (Swamp:2)
  A boggart (shapeshifter) (D:12)
  5 boggarts (D:14)
  A swamp dragon zombie (Swamp:2)
  17 wolves
  24 centaurs
  A wolf (shapeshifter) (D:12)
  3 phantoms
  6 kobold brigands
  9 bullfrogs
  A bullfrog (shapeshifter) (D:12)
  A necrophage (D:5)
  4 scorpions
  13 wights
  Dowan (D:7)
  2 swamp dragon simulacra (Swamp:2)
  12 killer bees
  8 electric eels
  2 howler monkeys
  5 lava snakes (Lair:5)
  A jelly (D:3)
  30 orc priests
  A gnoll bouda (D:6)
  8 hounds
  Terence (D:2)
  Natasha (thrice) (D:2)
  2 iguanas
  24 orc wizards
  Robin (D:2)
  A gnoll (shapeshifter) (D:12)
  3 gnolls (D:6)
  An adder (shapeshifter) (D:12)
  20 adders
  3 river rats (D:5)
  A shadow imp (D:8)
  5 white imps
  2 worms (D:2)
  4 dart slugs
  122 orcs
  14 ball pythons
  11 endoplasms
  10 giant cockroaches
  18 goblins
  9 hobgoblins
  7 jackals
  12 quokkas
  3 bats
  10 frilled lizards
  20 kobolds
  8 rats
  A plant (D:15)
1341 creatures vanquished.

Vanquished Creatures (others)
  A deep elf knight (Elf:2)
  A wizard (Vaults:1)
  A deep elf zephyrmancer (Elf:2)
  A bloated husk (Swamp:2)
  A human (Snake:1)
  A water elemental (Elf:2)
  A naga (Snake:1)
  A kobold (D:9)
  8 foxfires
  36 fungi
  76 plants
  8 withered plants (D:15)
136 creatures vanquished.

Grand Total: 1477 creatures vanquished

Notes
Turn   | Place    | Note
-------+----------+-------------------------------------------
     0 | D:1      | spardeous the Felid Earth Elementalist began the quest for
                  | the Orb.
     0 | D:1      | Reached XP level 1. HP: 7/7 MP: 4/4
    91 | D:1      | Reached skill level 3 in Dodging
   234 | D:1      | Reached XP level 2. HP: 11/11 MP: 4/6
   289 | D:1      | Found a faded altar of an unknown god.
   874 | D:2      | Reached skill level 4 in Dodging
   884 | D:2      | Reached XP level 3. HP: 14/14 MP: 0/7
  1109 | D:2      | Noticed Natasha
  1111 | D:2      | Killed Natasha
  1125 | D:2      | Noticed Natasha
  1159 | D:2      | Killed Natasha
  1160 | D:2      | Reached skill level 5 in Dodging
  1160 | D:2      | Reached XP level 4. HP: 9/18 MP: 1/8
  1203 | D:2      | Noticed Natasha
  1207 | D:2      | Killed Natasha
  1892 | D:2      | Noticed Terence
  2047 | D:2      | Killed Terence
  2048 | D:2      | Reached skill level 6 in Dodging
  2048 | D:2      | Reached XP level 5. HP: 21/21 MP: 1/9
  2242 | D:3      | Noticed Robin
  2284 | D:2      | Learned a level 3 spell: Stone Arrow
  2289 | D:2      | Learned a level 4 spell: Petrify
  2357 | D:2      | Killed Robin
  2531 | D:3      | Reached skill level 1 in Conjurations
  3059 | D:3      | Noticed Sigmund
  3095 | D:3      | Gained mutation: You are covered in thick fur. (AC +2)
                  | [Felid growth]
  3095 | D:3      | Reached XP level 6. HP: 24/24 MP: 8/10
  3133 | D:3      | Killed Sigmund
  3308 | D:3      | Reached skill level 5 in Earth Magic
  3348 | D:3      | Found a glowing golden altar of the Shining One.
  3486 | D:3      | Reached XP level 7. HP: 22/27 MP: 3/11
  3617 | D:3      | Found a stormy altar of Qazlal.
  3916 | D:4      | Found Jaqesoax's Magic Scroll Shop.
  3923 | D:4      | Bought a scroll of teleportation for 30 gold pieces
  3923 | D:4      | Bought a scroll of poison for 40 gold pieces
  4098 | D:4      | Found a bloodstained altar of Trog.
  4099 | D:4      | Found a basalt altar of Yredelemnul.
  4100 | D:4      | Found a radiant altar of Vehumet.
  4768 | D:5      | Entered Level 5 of the Dungeon
  4899 | D:5      | Reached skill level 5 in Conjurations
  4982 | D:5      | Found a large runed translucent door.
  4982 | D:5      | Found a large runed translucent door.
  5008 | D:5      | Reached skill level 1 in Fighting
  5008 | D:5      | Reached XP level 8. HP: 31/32 MP: 7/12
  5121 | D:5      | Found a glowing drain.
  5255 | Sewer    | Entered a sewer
  5745 | Sewer    | Identified the +0 leather armour of the Sharing Gods {rN+
                  | Slay+2}
  5864 | D:5      | Found a shimmering altar of Xom.
  5866 | D:5      | Found a staircase to the Ecumenical Temple.
  5879 | Temple   | Entered the Ecumenical Temple
  5956 | Temple   | Became a worshipper of Gozag Ym Sagoz the Greedy
  6119 | D:5      | Found a hazy altar of Hepliaklqana.
  6208 | D:5      | Reached skill level 7 in Dodging
  6612 | D:5      | Found a snail-covered altar of Cheibriados.
  6625 | D:5      | Found an iron altar of Okawaru.
  7166 | D:6      | Reached skill level 8 in Dodging
  7166 | D:6      | Reached skill level 5 in Transmutations
  7166 | D:6      | Reached XP level 9. HP: 38/38 MP: 9/13
  7222 | D:6      | Identified the ring of Feakkaut {rElec Str+3 Dex+6}
  7497 | D:7      | Noticed Duvessa
  7505 | D:7      | Noticed Dowan
  7512 | D:7      | Killed Duvessa
  7526 | D:7      | Killed Dowan
  7527 | D:7      | Reached skill level 9 in Dodging
  8126 | D:7      | Reached skill level 10 in Dodging
  8718 | D:8      | Reached skill level 11 in Dodging
  8782 | D:7      | Upgraded the game from 0.30-a0-578-gdee14c521f to
                  | 0.30-a0-585-g93115170b9
  9014 | D:8      | Reached XP level 10. HP: 42/42 MP: 0/14
  9029 | D:8      | Identified the +0 leather armour of Happy Babbling {Contam
                  | Fly rElec Int+10}
  9074 | D:8      | Found a flagged portal.
  9085 | Bailey   | Entered a bailey
 10012 | Bailey   | Noticed an orc knight
 10132 | Bailey   | Killed an orc knight
 10276 | Bailey   | Identified the +5 bardiche "Zoahef" {heavy, rPois MP+9
                  | Dex+2}
 11541 | D:4      | Bought a scroll of immolation for 40 gold pieces
 11541 | D:4      | Bought a scroll of magic mapping for 75 gold pieces
 11541 | D:4      | Bought a scroll of enchant weapon for 75 gold pieces
 11541 | D:4      | Bought a scroll of enchant armour for 75 gold pieces
 11737 | D:8      | Acquired a book of Transfigurations
 11741 | D:8      | Acquired a book of Dangerous Friends
 11745 | D:8      | Gained mutation: You are somewhat resistant to further
                  | mutation. [potion of mutation]
 11852 | D:9      | Noticed Grum
 11962 | D:9      | Killed Grum
 11963 | D:9      | Reached skill level 10 in Earth Magic
 11963 | D:9      | Identified the +4 scale mail of Adwol {-Tele rPois Str+2
                  | Int+4}
 12292 | D:9      | Slain by a killer bee
 12293 | D:9      | Reached XP level 9. HP: -1/38 MP: 7/14
 12589 | D:9      | Reached XP level 10. HP: 21/42 MP: 1/16
 13341 | D:9      | Reached skill level 5 in Spellcasting
 13595 | D:9      | Found a staircase to the Orcish Mines.
 13671 | D:10     | Entered Level 10 of the Dungeon
 13949 | D:10     | Lost mutation: You are somewhat resistant to further
                  | mutation. [potion of mutation]
 13949 | D:10     | Gained mutation: You are strong-willed. (Will+) [potion of
                  | mutation]
 13949 | D:10     | Gained mutation: You are frail. (-10% HP) [potion of
                  | mutation]
 13949 | D:10     | Lost mutation: You are strong-willed. (Will+) [potion of
                  | mutation]
 14411 | D:10     | Found a staircase to the Lair.
 14767 | D:10     | Lost mutation: You are frail. (-10% HP) [potion of
                  | mutation]
 14767 | D:10     | Gained mutation: Your muscles are strong. (Str +4, Int/Dex
                  | -1) [potion of mutation]
 14767 | D:10     | Gained mutation: A frigid envelope surrounds you and
                  | freezes all who hurt you. [potion of mutation]
 14767 | D:10     | Gained mutation: You occasionally lose the ability to read
                  | scrolls when taking damage. [potion of mutation]
 14767 | D:10     | Gained mutation: You have hidden genetic potential. [potion
                  | of mutation]
 14768 | D:10     | Lost mutation: Your muscles are strong. (Str +4, Int/Dex
                  | -1) [potion of mutation]
 14768 | D:10     | Lost mutation: You have hidden genetic potential. [potion
                  | of mutation]
 14768 | D:10     | Lost mutation: You occasionally lose the ability to read
                  | scrolls when taking damage. [potion of mutation]
 14768 | D:10     | Gained mutation: You expend magic power (3 MP) to
                  | strengthen your wands. [potion of mutation]
 15058 | D:10     | Noticed an orange demon
 15345 | Lair:1   | Entered Level 1 of the Lair of Beasts
 15787 | Lair:1   | Noticed a wolf spider
 15800 | Lair:1   | Killed a wolf spider
 15801 | Lair:1   | Reached XP level 11. HP: 45/45 MP: 6/22
 16170 | Lair:1   | Found a snail-covered altar of Cheibriados.
 17576 | Lair:2   | Found a staircase to the Snake Pit.
 17885 | Lair:2   | Noticed a death yak
 17885 | Lair:2   | Noticed a death yak
 17886 | Lair:2   | Noticed a death yak
 17887 | Lair:2   | Noticed a death yak
 17887 | Lair:2   | Noticed a death yak
 18187 | Lair:2   | Killed a death yak
 18323 | Lair:2   | Killed a death yak
 18834 | Lair:2   | Killed a death yak
 18949 | Lair:2   | Killed a death yak
 19030 | Lair:2   | Killed a death yak
 19031 | Lair:2   | Reached skill level 10 in Conjurations
 19309 | Lair:2   | Gained mutation: Your thick and shaggy fur keeps you warm.
                  | (AC +3, rC+) [Felid growth]
 19309 | Lair:2   | Reached XP level 12. HP: 30/50 MP: 6/23
 19482 | Lair:2   | Reached skill level 5 in Fighting
 20255 | Lair:2   | Learned a level 6 spell: Iron Shot
 20263 | Lair:2   | Learned a level 7 spell: Dragon Form
 20360 | D:10     | Bought the amulet "Yteucoum" {RegenMP rCorr} for 681 gold
                  | pieces
 20583 | Lair:3   | Found a transporter.
 20596 | Lair:3   | Noticed a six-headed hydra
 20614 | Lair:3   | Killed a six-headed hydra
 20752 | Lair:3   | Found a transporter.
 20766 | Lair:3   | Noticed a six-headed hydra
 20772 | Lair:3   | Killed a six-headed hydra
 20775 | Lair:3   | Noticed billz999's ghost (journeyman DjIE)
 20795 | Lair:3   | Found a staircase to the Swamp.
 21398 | Lair:3   | Identified the +9 plate armour of Depression {Fly}
 21578 | Lair:3   | Found a bloodstained altar of Trog.
 21761 | Lair:3   | Noticed a four-headed hydra
 21778 | Lair:3   | Killed a four-headed hydra
 22071 | D:11     | Noticed a boulder beetle
 22274 | D:11     | Killed a boulder beetle
 22353 | D:11     | Reached skill level 10 in Fighting
 22703 | D:11     | Noticed a boulder beetle
 22833 | D:11     | Killed a boulder beetle
 22902 | D:11     | Noticed a boulder beetle
 23126 | D:11     | Killed a boulder beetle
 24406 | D:12     | Found a runed translucent gate.
 24406 | D:12     | Found a runed translucent gate.
 24407 | D:12     | Found a runed translucent gate.
 24477 | D:12     | Found Meg Imod's Magic Scroll Shop.
 24602 | D:12     | Found Jeown's Armour Shop.
 24722 | D:12     | Found a shadowy altar of Dithmenos.
 24735 | D:12     | Reached XP level 13. HP: 39/61 MP: 18/24
 24886 | D:12     | Found Joduuh's Antique Weapon Shop.
 25400 | D:12     | Found a runed translucent gate.
 25400 | D:12     | Found a runed translucent gate.
 25403 | D:12     | Noticed a cacodemon
 25404 | D:12     | Found a runed translucent gate.
 25404 | D:12     | Noticed arthad's ghost (journeyman GrEE)
 25703 | Swamp:1  | Entered Level 1 of the Swamp
 25889 | Lair:4   | Reached skill level 10 in Transmutations
 26167 | Lair:4   | Found a staircase to the Slime Pits.
 26353 | Lair:4   | Reached skill level 12 in Dodging
 27226 | Lair:5   | Entered Level 5 of the Lair of Beasts
 27374 | Lair:5   | Reached skill level 1 in Unarmed Combat
 28024 | Lair:5   | Reached skill level 5 in Unarmed Combat
 28265 | Lair:5   | Noticed a fire dragon
 28290 | Lair:5   | Found a large runed translucent door.
 28936 | Lair:5   | Reached XP level 14. HP: 66/66 MP: 16/25
 29343 | Lair:5   | Noticed Urug
 29412 | Lair:5   | Killed Urug
 29575 | Lair:5   | Found a large runed translucent door.
 29744 | D:10     | Bought the ring of the Mage {Wiz Archmagi} for 816 gold
                  | pieces
 29744 | D:10     | Found the ring of the Mage {Wiz Archmagi}
 31054 | D:13     | Reached skill level 10 in Unarmed Combat
 31068 | D:13     | Shot with a bolt by a skeletal warrior
 31069 | D:13     | Reached XP level 13. HP: -5/91 MP: 19/24
 31391 | D:13     | Identified the +9 chain mail of the Loofah {Fly rF++ Int+5}
 31573 | D:13     | Found a gate to the Vaults.
 32284 | Lair:5   | Killed a fire dragon
 32716 | D:12     | Reached skill level 13 in Dodging
 32805 | D:12     | Gained mutation: Your flesh is cold resistant. (rC+)
                  | [mutagenic glow]
 32908 | D:12     | Gained mutation: Your mind is acute. (Int +4, Str/Dex -1)
                  | [mutagenic glow]
 32990 | D:12     | Gained mutation: You sometimes lose your temper in combat.
                  | [mutagenic glow]
 33004 | D:12     | Gained mutation: Your spells are a little easier to cast,
                  | but a little less powerful. [mutagenic glow]
 33019 | D:12     | Lost mutation: Your flesh is cold resistant. (rC+)
                  | [mutagenic glow]
 33019 | D:12     | Gained mutation: You are vulnerable to cold. (rC-)
                  | [mutagenic glow]
 33165 | D:12     | Lost mutation: A frigid envelope surrounds you and freezes
                  | all who hurt you. [potion of mutation]
 33165 | D:12     | Lost mutation: You are vulnerable to cold. (rC-) [potion of
                  | mutation]
 33165 | D:12     | Lost mutation: Your mind is acute. (Int +4, Str/Dex -1)
                  | [potion of mutation]
 33165 | D:12     | Gained mutation: You are dopey. (Int -2) [potion of
                  | mutation]
 33165 | D:12     | Gained mutation: You are partially covered in large bone
                  | plates. (SH +4) [potion of mutation]
 33255 | D:12     | Gained mutation: Your body sometimes deteriorates upon
                  | taking damage. [mutagenic glow]
 33302 | D:12     | Lost mutation: Your spells are a little easier to cast, but
                  | a little less powerful. [potion of mutation]
 33302 | D:12     | Lost mutation: Your body sometimes deteriorates upon taking
                  | damage. [potion of mutation]
 33302 | D:12     | Gained mutation: Your flesh is heat resistant. (rF+)
                  | [potion of mutation]
 33315 | D:12     | Gained mutation: You have an uncontrollable temper. [a
                  | neqoxec]
 33318 | D:12     | Killed a cacodemon
 33324 | D:12     | Killed arthad's ghost
 33329 | D:12     | Gained mutation: You are frail. (-10% HP) [a neqoxec]
 33436 | D:12     | Gained mutation: You occasionally lose the ability to read
                  | scrolls when taking damage. [mutagenic glow]
 33453 | D:12     | Gained mutation: You are clumsy. (Dex -2) [mutagenic glow]
 33472 | D:12     | Gained mutation: Your magical capacity is low. (-10% MP)
                  | [mutagenic glow]
 33479 | D:12     | Lost mutation: You are partially covered in large bone
                  | plates. (SH +4) [mutagenic glow]
 33488 | D:12     | Gained mutation: You are weak. (Str -2) [mutagenic glow]
 33665 | D:12     | Lost mutation: You are dopey. (Int -2) [potion of mutation]
 33665 | D:12     | Lost mutation: You occasionally lose the ability to read
                  | scrolls when taking damage. [potion of mutation]
 33665 | D:12     | Lost mutation: You have an uncontrollable temper. [potion
                  | of mutation]
 33666 | D:12     | Lost mutation: You expend magic power (3 MP) to strengthen
                  | your wands. [potion of mutation]
 33666 | D:12     | Lost mutation: You sometimes lose your temper in combat.
                  | [potion of mutation]
 33666 | D:12     | Gained mutation: You are very frail. (-20% HP) [potion of
                  | mutation]
 33666 | D:12     | Gained mutation: Your mind is acute. (Int +4, Str/Dex -1)
                  | [potion of mutation]
 33666 | D:12     | Lost mutation: Your flesh is heat resistant. (rF+) [potion
                  | of mutation]
 33666 | D:12     | Lost mutation: You are weak. (Str -2) [potion of mutation]
 33667 | D:12     | Lost mutation: You are clumsy. (Dex -2) [potion of
                  | mutation]
 33667 | D:12     | Lost mutation: Your magical capacity is low. (-10% MP)
                  | [potion of mutation]
 33667 | D:12     | Gained mutation: Your muscles are strong. (Str +4, Int/Dex
                  | -1) [potion of mutation]
 33667 | D:12     | Gained mutation: Your muscles are very strong. (Str +8,
                  | Int/Dex -2) [potion of mutation]
 33667 | D:12     | Gained mutation: Your spells are a little harder to cast,
                  | but a little more powerful. [potion of mutation]
 34246 | Lair:5   | Lost mutation: Your muscles are very strong. (Str +8,
                  | Int/Dex -2) [potion of mutation]
 34246 | Lair:5   | Lost mutation: Your muscles are strong. (Str +4, Int/Dex
                  | -1) [potion of mutation]
 34246 | Lair:5   | Lost mutation: Your spells are a little harder to cast, but
                  | a little more powerful. [potion of mutation]
 34246 | Lair:5   | Gained mutation: You are clumsy. (Dex -2) [potion of
                  | mutation]
 34246 | Lair:5   | Lost mutation: You are clumsy. (Dex -2) [potion of
                  | mutation]
 34247 | Lair:5   | Lost mutation: Your mind is acute. (Int +4, Str/Dex -1)
                  | [potion of mutation]
 34247 | Lair:5   | Lost mutation: You are very frail. (-20% HP) [potion of
                  | mutation]
 34247 | Lair:5   | Gained mutation: You are dopey. (Int -2) [potion of
                  | mutation]
 34247 | Lair:5   | Gained mutation: Your muscles are strong. (Str +4, Int/Dex
                  | -1) [potion of mutation]
 34248 | Lair:5   | Lost mutation: You are dopey. (Int -2) [potion of mutation]
 34248 | Lair:5   | Lost mutation: You are frail. (-10% HP) [potion of
                  | mutation]
 34248 | Lair:5   | Gained mutation: You have a pair of small horns on your
                  | head. [potion of mutation]
 34248 | Lair:5   | Gained mutation: Your mind is acute. (Int +4, Str/Dex -1)
                  | [potion of mutation]
 34357 | D:10     | Bought a scroll of butterflies for 40 gold pieces
 34645 | Orc:1    | Entered Level 1 of the Orcish Mines
 34827 | Orc:1    | Noticed Jorgrun
 34842 | Orc:1    | Killed Jorgrun
 34848 | Orc:1    | Found a shimmering altar of Xom.
 35243 | Orc:2    | Entered Level 2 of the Orcish Mines
 35269 | Orc:2    | Noticed an orc warlord
 35414 | Orc:2    | Noticed Erolcha
 35415 | Orc:2    | Found a staircase to the Elven Halls.
 35435 | Orc:2    | Killed Erolcha
 35904 | Orc:2    | Killed an orc warlord
 36455 | Orc:2    | Found Moyst's General Store.
 36475 | Orc:2    | Reached XP level 14. HP: 44/66 MP: 20/27
 36655 | Orc:2    | Found Qon Ikhlo's General Store.
 36768 | Orc:2    | Bought a potion of might for 68 gold pieces
 37305 | Orc:2    | Reached skill level 14 in Dodging
 37703 | Orc:2    | Reached skill level 15 in Dodging
 37721 | Orc:2    | Found Uduov's Jewellery Shop.
 37721 | Orc:2    | Found Ques's Antique Armour Boutique.
 37722 | Orc:2    | Found a one-way gate leading to the halls of Pandemonium.
 37853 | Orc:2    | Found Dedghetaq's Armour Shoppe.
 38551 | D:14     | Reached skill level 16 in Dodging
 39784 | D:15     | Entered Level 15 of the Dungeon
 39785 | D:15     | Found Fyqierea's Weapon Shop.
 39815 | D:15     | Reached XP level 15. HP: 71/71 MP: 23/28
 40435 | D:15     | Found a staircase to the Depths.
 41745 | D:10     | Bought a potion of curing for 33 gold pieces
 41745 | D:10     | Bought a potion of heal wounds for 55 gold pieces
 41745 | D:10     | Bought a potion of curing for 33 gold pieces
 41745 | D:10     | Bought a potion of curing for 33 gold pieces
 41745 | D:10     | Bought a potion of magic for 88 gold pieces
 41745 | D:10     | Bought a potion of haste for 110 gold pieces
 42482 | Swamp:1  | Slain by a spriggan rider
 42483 | Swamp:1  | Reached XP level 14. HP: 0/105 MP: 14/27
 42483 | Swamp:1  | Reached skill level 17 in Dodging
 43216 | Swamp:2  | Reached skill level 18 in Dodging
 43347 | Swamp:2  | Noticed a fenstrider witch
 43353 | Swamp:2  | Killed a fenstrider witch
 44293 | Swamp:2  | HP: 2/105 [alligator (21)]
 44293 | Swamp:2  | Demolished by an alligator
 44294 | Swamp:2  | Reached XP level 13. HP: -16/99 MP: 11/26
 44353 | Swamp:2  | Reached skill level 19 in Dodging
 44521 | Swamp:2  | Reached XP level 14. HP: 70/70 MP: 12/27
 44983 | Swamp:3  | Noticed a tentacled monstrosity
 44992 | Swamp:3  | Killed a tentacled monstrosity
 45005 | Swamp:3  | Reached skill level 20 in Dodging
 45627 | Swamp:4  | Entered Level 4 of the Swamp
 46037 | Swamp:4  | Noticed a brown very ugly thing
 46045 | Swamp:4  | Killed a brown very ugly thing
 46361 | Swamp:4  | Noticed a thorn hunter
 46545 | Swamp:4  | Killed a thorn hunter
 47088 | Swamp:4  | Noticed a tentacled monstrosity
 47097 | Swamp:4  | Killed a tentacled monstrosity
 47098 | Swamp:4  | Reached skill level 15 in Transmutations
 47102 | Swamp:4  | Reached XP level 15. HP: 73/73 MP: 9/28
 47262 | Swamp:4  | Got a decaying rune of Zot
 47595 | Swamp:2  | Learned a level 7 spell: Storm Form
 47824 | Lair:3   | Killed billz999's ghost
 48128 | Elf:1    | Entered Level 1 of the Elven Halls
 48146 | Elf:1    | Noticed an Ice Fiend
 49386 | Elf:1    | Found Asagon's Distillery.
 49391 | Elf:1    | Bought a potion of mutation for 128 gold pieces
 49758 | Elf:1    | Reached skill level 5 in Stealth
 51260 | Elf:2    | Noticed jejorda2's ghost (adept MfBe)
 51291 | Elf:2    | Reached XP level 16. HP: 79/79 MP: 29/29
 51524 | Elf:2    | Found a runed translucent door.
 51595 | Elf:2    | Noticed a Tzitzimitl
 51595 | Elf:2    | Killed from afar by a deep elf knight
 51596 | Elf:2    | Reached XP level 15. HP: -13/112 MP: 28/28
 51614 | Elf:2    | Paralysed by an air elemental for 1 turns
 51838 | Elf:2    | Found a runed translucent gate.
 51838 | Elf:2    | Found a runed translucent gate.
 51839 | Elf:2    | Found a runed translucent gate.
 51900 | Elf:2    | Noticed a Tzitzimitl
 52893 | Elf:2    | Reached skill level 15 in Fighting
 54213 | Elf:2    | Killed jejorda2's ghost
 54247 | Elf:2    | Got the Almanac of Bedrock
 54262 | Elf:3    | Entered Level 3 of the Elven Halls
 54538 | Snake:1  | Entered Level 1 of the Snake Pit
 54957 | Snake:1  | Noticed Kirke
 54975 | Snake:1  | Killed Kirke
 55738 | Snake:1  | Reached XP level 16. HP: 82/82 MP: 24/30
 57026 | Snake:2  | Reached skill level 10 in Spellcasting
 57942 | Snake:3  | Noticed Aizul
 58041 | Snake:2  | Learned a level 6 spell: Statue Form
 58055 | Snake:2  | Killed Aizul
 58303 | Snake:3  | Acquired the ring "Pios" {Contam rElec rN++ rCorr Stlth+}
 58516 | Snake:3  | Found a snail-covered altar of Cheibriados.
 58883 | Snake:3  | Found Goboo's Book Emporium.
 58946 | Snake:3  | Found Ytheq's Jewellery Emporium.
 58947 | Snake:3  | Found Ucwaant's Book Shop.
 58948 | Snake:3  | Found Jofej's Jewellery Emporium.
 59201 | Snake:4  | Entered Level 4 of the Snake Pit
 60807 | Snake:4  | Reached XP level 17. HP: 86/86 MP: 14/32
 60850 | Snake:4  | Noticed Vashnia
 61426 | Snake:4  | Killed Vashnia
 62743 | Snake:4  | Got a serpentine rune of Zot
 63029 | D:10     | Bought a potion of heal wounds for 65 gold pieces
 63029 | D:10     | Bought a potion of heal wounds for 65 gold pieces
 63029 | D:10     | Bought a potion of heal wounds for 65 gold pieces
 63191 | Vaults:1 | Entered Level 1 of the Vaults
 63679 | Vaults:1 | Found Bosiduro's Armour Shop.
 65086 | Vaults:1 | Learned a level 3 spell: Frozen Ramparts
 65092 | Vaults:1 | Learned a level 5 spell: Borgnjor's Vile Clutch
 65996 | Vaults:2 | Reached skill level 21 in Dodging
 66093 | Vaults:2 | Reached XP level 18. HP: 49/90 MP: 18/33
 66321 | Vaults:2 | Found a magical portal.
 66330 | WizLab   | Entered Iskenderun's Mystic Tower
 68161 | WizLab   | Reached skill level 22 in Dodging
 68679 | WizLab   | Blown up by a conjurer statue

Illustrated notes

Levels and vault maps discovered:
D:1:      eino_arrival_cavern_a, layout_basic,
          chequers_ecumenical_altar_simple_redux
D:2:      layout_basic, uniq_natasha, uniq_terence
D:3:      layout_loops_ring, lemuel_doored_altar, mainiacjoe_overflow_brackets,
          minmay_fractal_squares_diagonal_5, uniq_robin, uniq_sigmund
D:4:      layout_loops_ring, gammafunk_temple_overflow_forgotten, serial_shops,
          nicolae_shop_stone
D:5:      layout_loops_corners, overflow_temple_1_default,
          jmf_multi_god_temple2, brannock_xom_greatest_gift,
          minmay_temple_entry_stoned_glass, portal_sewer_entry_b
D:6:      layout_cave_pools
D:7:      layout_loops_ring, uniq_duvessa
D:8:      layout_loops_ring, enter_bailey_6, chequers_serial_rivers_small_b
D:9:      layout_cave_pools, david_orc_4, uniq_grum
D:10:     layout_grid_maze, erik_lair_island
D:11:     layout_layer_cave
D:12:     layout_basic, ploomutoo_gammafunk_ghost_potion_laboratory,
          serial_shops, shop, shop_fountains, nicolae_shop_hallway_stairs,
          chequers_serial_rivers_marsh, nicolae_dithmenos_shadow_blocks
D:13:     layout_roguey [special_room_orc],
          hangedman_vaults_entry_quadrant_bands
D:14:     layout_roguey, grunt_decor_mini_mirrors, minivault_27
D:15:     gammafunk_depths_entry_grave, layout_basic, serial_shops, shop_statue,
          dreamdust_wishing_well, hangedman_decor_points, minmay_fountain_box,
          beargit_elvish_explorers
Temple:   hellmonk_temple_forest_ring
Lair:1:   minmay_lair_venomous_thicket, layout_long_grid,
          grunt_forest_small_clearings, minmay_hedge_maze,
          kennysheep_snail_temple, lemuel_fruit_fields, serial_bayou_shore_a
Lair:2:   layout_cave_pods, guppyfry_snake_entry_garden,
          nicolae_lair_grove_arrangements, minivault_24, beast_lair_carwin_4,
          grunt_megastairs_1, infiniplex_staircase_pool_2
Lair:3:   layout_hall_layers, swamp_mist, gammafunk_ghost_wrathful_warriors,
          lemuel_fruit_fields
Lair:4:   layout_long_grid, slime_entry_1, serial_bayou, serial_bayou_crossing,
          serial_bayou_pond_a, serial_bayou_ford_a, serial_bayou_pond_e,
          serial_bayou_pond_d, serial_bayou_pond_e
Lair:5:   cheibrodos_lair_end_hotspot, layout_gridlike, uniq_urug
Swamp:1:  nicolae_swamp_ascending_descending, layout_basic_swamp,
          evilmike_swamp_ruin_house_6
Swamp:2:  layout_basic_swamp, serial_swamp_ruin, evilmike_swamp_ruin_house_5,
          evilmike_swamp_ruin_house_3, swamp_pool1,
          nicolae_swamp_necromancer_hut
Swamp:3:  layout_basic_swamp, hangedman_swamp_ruin_hall
Swamp:4:  swamp_vile, layout_basic_swamp, infiniplex_staircase_pool
Snake:1:  layout_chambers, grunt_megastairs_3, uniq_kirke
Snake:2:  layout_rooms
Snake:3:  layout_onion, serial_shops, shop, basic_altar, minmay_shop_grove,
          uniq_aizul
Snake:4:  snake_pit_salamanders_mu, layout_cave_town, st_stairs_2, uniq_vashnia
Orc:1:    layout_caves, basic_altar, uniq_jorgrun
Orc:2:    pf_orc_diabolical, layout_caves, serial_shops, shop, uniq_erolcha
Elf:1:    eino_elf_arrival_the_gate, layout_geoelf_diagonals, serial_shops,
          nicolae_shop_hallway_plus, hangedman_elven_crosses_minicolossus
Elf:2:    elven_hall_of_blades_hangedman_original
          [nicolae_blade_entry_sentries_behind_glass], layout_geoelf_diagonals,
          hellmonk_ghost_big_iron
Elf:3:    elf_hall_gauntlet_narrow, layout_loops_corners, uniq_donald
Vaults:1: nicolae_vaults_little_squares_1, vaults_room_grid, v_rooms_4,
          nicolae_vaults_halls_meeting, nicolae_vaults_border_crossing,
          grunt_vaults_bifocal, nicolae_vaults_little_ls,
          vaults_mumra_minichess, vaults_room_door_ring, hangedman_vaults_trim,
          nicolae_vaults_ring_of_whatevers, layout_vaults_chaotic_city,
          serial_shops, nicolae_shop_hallway_stairs
Vaults:2: mu_enter_wizlab_5, hangedman_vaults_slice, vaults_standard_mumra_x,
          ontoclasm_vaults_gallery, nicolae_vaults_rhombus_6,
          nicolae_vaults_shelves_hall, minmay_crypt_entry_simple_statues,
          ontoclasm_vaults_ring_large, hangedman_vaults_trim,
          nicolae_vaults_little_squares_2, vaults_room_door_hall,
          hangedman_vaults_maws, vaults_mumra_minichess_inversion,
          layout_vaults_maze_bifur
WizLab:   wizlab_iskenderun

Skill      XL: |  1  2  3  4  5  6  7  8  9 10 11 12 13 14 15 16 17 18 |
---------------+-------------------------------------------------------+-----
Dodging        | 3 4 5 6 8 11 19 20 21 22 | 22.1
Earth Magic    | 3 4 5 6 7 10 13 14 | 14.1
Conjurations   | 1 3 5 10 12 | 12.0
Transmutations | 2 5 6 8 12 15 17 | 17.2
Fighting       | 1 3 4 10 11 16 14 | 16.0
Spellcasting   | 3 7 8 9 10 | 10.5
Unarmed Combat | 7 10 | 10.5
Stealth        | 5 |  5.3

Action                   |  1- 3 |  4- 6 |  7- 9 | 10-12 | 13-15 | 16-18 || total
-------------------------+-------+-------+-------+-------+-------+-------++-------
Melee: Unarmed           |     4 |       |    62 |    19 |  1002 |   392 ||  1479
       Bite              |       |       |    11 |     3 |   151 |    65 ||   230
       Punch             |       |       |     1 |     1 |    92 |    34 ||   128
       Headbutt          |       |       |       |       |    33 |   111 ||   144
       Tailslap          |       |       |       |       |   168 |    21 ||   189
 Cast: Sandblast         |    41 |   120 |   243 |   325 |   212 |    25 ||   966
       Stone Arrow       |       |     1 |    38 |   320 |   473 |       ||   832
       Petrify           |       |       |       |    38 |    45 |       ||    83
       Dragon Form       |       |       |       |       |   141 |    18 ||   159
       Iron Shot         |       |       |       |       |    78 |   295 ||   373
       Storm Form        |       |       |       |       |     2 |       ||     2
       Statue Form       |       |       |       |       |       |   115 ||   115
       Frozen Ramparts   |       |       |       |       |       |     3 ||     3
       Borgnjor's Vile C |       |       |       |       |       |     1 ||     1
Invok: Call Merchant     |       |       |       |     2 |     5 |     1 ||     8
       Potion Petition   |       |       |       |       |     1 |     1 ||     2
 Abil: Breathe Fire      |       |       |       |       |    23 |     2 ||    25
       End Transformatio |       |       |       |       |     2 |     2 ||     4
       Blinkbolt         |       |       |       |       |     1 |       ||     1
  Use: Potion            |       |       |     1 |     6 |    23 |     9 ||    39
       Scroll            |       |       |       |    20 |     3 |    11 ||    34
 Stab: Petrified         |       |       |       |    10 |    23 |       ||    33
       Distracted        |       |       |       |       |    13 |     4 ||    17
       Petrifying        |       |       |       |       |     3 |       ||     3
       Sleeping          |       |       |       |       |     3 |     1 ||     4
       Confused          |       |       |       |       |     1 |       ||     1
Armor: Skin              |     2 |       |       |     6 |   293 |   180 ||   481
Dodge: Dodged            |    16 |    51 |   124 |   303 |  1051 |   938 ||  2483
Block: Other             |       |     9 |    36 |    51 |       |       ||    96
       Reflection        |       |       |     4 |     9 |       |       ||    13

Table legend: (Time is in decaauts)
 A = Elapsed time spent in this place.
 B = Non-inter-level travel time spent in this place.
 C = Inter-level travel time spent in this place.
 D = Time resting spent in this place.
 E = Time spent auto-exploring this place.
 F = Levels seen in this place.
 G = Mean time per level.
                   A        B        C        D        E       F      G
               +--------+--------+--------+--------+--------+-----+--------+
         Total |  65908 |  60805 |   5103 |  15029 |  31549 |  39 | 1689.9 |
       Dungeon |  22563 |  19915 |   2648 |   3069 |  12177 |  15 | 1504.2 |
        Temple |    192 |    178 |     14 |      0 |    162 |   1 |  192.0 |
          Lair |  11049 |   9538 |   1511 |   1211 |   6239 |   5 | 2209.8 |
         Swamp |   5620 |   5238 |    382 |   1414 |   2834 |   4 | 1405.0 |
     Snake Pit |   9151 |   8920 |    231 |   2880 |   4197 |   4 | 2287.8 |
  Orcish Mines |   3255 |   3135 |    120 |    604 |   1491 |   2 | 1627.5 |
   Elven Halls |   5812 |   5731 |     81 |   2457 |   1974 |   3 | 1937.3 |
        Vaults |   3652 |   3539 |    113 |    452 |   1969 |   2 | 1826.0 |
         Sewer |    556 |    556 |      0 |    108 |    177 |   1 |  556.0 |
        Bailey |   1127 |   1127 |      0 |    478 |    296 |   1 | 1127.0 |
        Wizlab |   2927 |   2927 |      0 |   2355 |     29 |   1 | 2927.0 |
               +--------+--------+--------+--------+--------+-----+--------+

Top non-repeatable levels by time:
 Snake:4: 4267 daAuts
Vaults:1: 3263 daAuts
   Elf:2: 3244 daAuts
  Lair:2: 3213 daAuts
  WizLab: 2927 daAuts
   Orc:2: 2708 daAuts
   Elf:1: 2544 daAuts
  Lair:5: 2512 daAuts
    D:12: 2444 daAuts
    D:10: 2318 daAuts
  Lair:1: 2211 daAuts
 Snake:1: 2119 daAuts
    D:11: 1872 daAuts
    D:13: 1838 daAuts
     D:8: 1798 daAuts
